 Dungeon Crawl Stone Soup version 0.19.1-1-g22dce08 (webtiles) character file.

27 Lennu the Vexing (level 2, 0/19 HPs)
             Began as a Vampire Enchanter on Jan 11, 2017.
             Slain by Terence
             ... wielding a +0 mace
              (10 damage)
             ... on level 2 of the Dungeon.
             The game lasted 00:04:53 (1917 turns).

Lennu the Vexing (Vampire Enchanter)                Turns: 1917, Time: 00:04:54

Health: 0/19       AC:  3    Str:  7    XL:     2   Next: 93%
Magic:  4/5        EV: 16    Int: 17    God:
Gold:   67         SH:  0    Dex: 14    Spells: 1 memorised, 4 levels left

rFire  . . .     SeeInvis +     a - +1 dagger
rCold  . . .     Gourm    .     b - +1 robe
rNeg   . . .     Faith    .     (no shield)
rPois  .         Spirit   .     (no helmet)
rElec  .         Reflect  .     (no cloak)
rCorr  .         Harm     .     (no gloves)
MR     .....                    (no boots)
Stlth  +++.......               (no amulet)
                                (no ring)
                                f - +4 ring of evasion

@: regenerating quickly
A: fangs 3, see invisible, unbreathing
a: no special abilities


You were on level 2 of the Dungeon.
You were full.

You visited 1 branch of the dungeon, and saw 2 of its levels.

You collected 67 gold pieces.

Inventory:

Hand Weapons
 a - a +1 dagger (weapon)
Armour
 b - a +1 robe (worn)
Jewellery
 f - a +4 ring of evasion (left hand)
Scrolls
 e - a scroll of remove curse {unknown}
 g - 3 scrolls of identify {unknown}
Potions
 h - a potion of heal wounds {unknown}
Books
 c - a book of Maledictions

   Spells                             Type                      Level
   a - Corona                         Hexes                        1
   b - Ensorcelled Hibernation        Hexes/Ice                    2
   c - Confuse                        Hexes                        3
   d - Tukima's Dance                 Hexes                        3
   e - Dazzling Spray                 Conjuration/Hexes            3


   Skills:
 * Level 0.1 Fighting
 * Level 1.2 Short Blades
 * Level 0.2 Armour
 * Level 2.1 Dodging
 * Level 5.0 Stealth
 * Level 2.2 Spellcasting
 * Level 5.1 Hexes


You had 4 spell levels left.
You knew the following spells:

 Your Spells              Type           Power        Failure   Level  Hunger
a - Corona                Hex            ###....      2%          1    #......


Dungeon Overview and Level Annotations

Branches:
Dungeon (2/15)

Altars:

Annotations:
D:2 Terence


Innate Abilities, Weirdness & Mutations

Your natural rate of healing is unusually fast.
You have razor-sharp teeth.
You have supernaturally acute eyesight. (SInv)
You can survive without breathing.


Message History

Yummy - fresh blood!
Yummy - fresh blood!
There is a stone staircase leading down here.
You climb downwards.
Level annotation: Terence Terence hits you with a mace.
There is a stone staircase leading up here.
You hit Terence but do no damage. Terence hits you with a mace!
You hit Terence but do no damage. You bite Terence, but do no damage.
Terence misses you.
You hit Terence but do no damage. You hit Terence but do no damage.
Terence barely misses you.
Casting: Corona
Confirm with . or Enter, or press ? or * to list all spells.
Aiming: Corona
Press: ? - help, Shift-Dir - straight line, f - Terence
Aim: Terence, wielding a mace and wearing a chain mail (chance to defeat MR: 66%) Terence is outlined in light.
Terence hits you with a mace!
Ouch! That really hurt!
You die...

#.# #.#..## #.# #.#...# #.#
#.#...# ##.###########.#...#
#####...........##.#...#
#...............##.##..#
###...............##.....#
#.#..............>#####.#.
#........@........#####.##
#.#.....@.....(.........##
####.#.......................
#.....................#######
#.....................#
#.....................#
#.....####...........##
#.....# #############
#.....##


You could see Terence.

Vanquished Creatures
  A worm (D:2)
  A dart slug (D:1)
  3 leopard geckos (D:1)
  A giant cockroach (D:1)
  3 goblins (D:1)
  A hobgoblin (D:1)
  3 kobolds (D:1)
  2 frilled lizards (D:1)
  4 rats
19 creatures vanquished.

Notes
Turn   | Place    | Note
-------+----------+-------------------------------------------
     0 | D:1      | Lennu the Vampire Enchanter began the quest for the Orb.
     0 | D:1      | Reached XP level 1. HP: 13/13 MP: 3/3
   444 | D:1      | Reached XP level 2. HP: 17/19 MP: 3/5
   887 | D:1      | Reached skill level 5 in Stealth
   964 | D:1      | Reached skill level 5 in Hexes
  1871 | D:2      | Noticed Terence
  1917 | D:2      | Slain by Terence

Skill      XL: |  1  2 |
---------------+-------+-----
Stealth        | 5 |  5.0
Hexes          | 5 |  5.1
Fighting       | |  0.1
Short Blades   | |  1.2
Armour         | |  0.2
Dodging        | |  2.1
Spellcasting   | |  2.2

Action                   || total
-------------------------++-------
Melee: Dagger            ||    81
       Bite              ||    10
 Cast: Corona            ||    16
  Use: Potion            ||     7
 Stab: Sleeping          ||     4
Armor: Robe              ||    12
Dodge: Dodged            ||    34
